 Dungeon Crawl Stone Soup version 0.26-a0-818-g75db068ed4 (webtiles) character file.

Game seed: 13119516089559397460

159151 reriks the Fencer (level 18, -3/144 HPs)
             Began as a Formicid Fighter on Nov 14, 2020.
             Was a High Priest of Qazlal.
             Killed from afar by Bai Suzhen (22 damage)
             ... with a torrent of water
             ... on level 3 of the Spider Nest.
             The game lasted 01:19:22 (49777 turns).

reriks the Fencer (Formicid Fighter)               Turns: 49777, Time: 01:19:23

Health: -3/144     AC: 30    Str: 31    XL:     18   Next: 36%
Magic:  3/12       EV: 13    Int: 10    God:    Qazlal [*****.]
Gold:   2816       SH: 22    Dex: 10    Spells: 17/17 levels left

rFire    . . .     SeeInvis +   D - +10 falchion of Zueseideh {antimagic, rPois rC++ Str-2 Stlth+}
rCold    + + .     Faith    +   c - +0 kite shield
rNeg     . . .     Spirit   .   A - +2 plate armour {MR+}
rPois    +         Reflect  .   (helmet unavailable)
rElec    .         Harm     .   p - +1 cloak
rCorr    .         Rampage  .   a - +2 pair of gloves {archery}
MR       +++..                  b - +2 pair of boots {run}
Stlth    ..........             f - amulet of faith
HPRegen  0.34/turn              G - ring "Perusch" {MR+ MP+9}
MPRegen  0.13/turn              H - +6 ring of strength

@: mighty, protected from physical damage, studying Ice Magic, repel missiles,
very slow
A: permanent stasis, dig shafts and tunnels, four strong arms, antennae 3,
subdued magic 1
a: Dig, Shaft Self, Upheaval, Elemental Force, Disaster Area, Renounce Religion


You were on level 3 of the Spider Nest.
You worshipped Qazlal.
Qazlal was extremely pleased with you.
You visited 5 branches of the dungeon, and saw 27 of its levels.
You also visited: Ice Cave.

You collected 3458 gold pieces.
You spent 642 gold pieces at shops.

Inventory:

Hand Weapons
 h - a +0 scimitar of flaming
 u - a +5 vampiric triple sword
 D - the +10 falchion of Zueseideh (weapon) {antimagic, rPois rC++ Str-2 Stlth+}
   (You found it on level 6 of the Dungeon)

   It reduces the magical energy of the wielder, and disrupts the spells and
   magical abilities of those hit.
   Natural abilities and divine invocations are not affected.
   It affects your strength (-2).
   It greatly protects you from cold.
   It protects you from poison.
   It makes you more stealthy.
Missiles
 r - 46 boomerangs (quivered)
Armour
 a - a +2 pair of gloves of archery (worn)
 b - a +2 pair of boots of running (worn)
 c - a +0 kite shield (worn)
 p - a +1 cloak (worn)
 A - a +2 plate armour of magic resistance (worn)
Jewellery
 f - an amulet of faith (around neck)
 E - a +6 ring of strength
 F - a +4 ring of protection
 G - the ring "Perusch" (left hand) {MR+ MP+9}
   (You found it on level 2 of the Spider Nest)

   [ring of magical power]

   It affects your resistance to hostile enchantments.
   It affects your magic capacity (+9).
 H - a +6 ring of strength (right hand)
 X - an uncursed ring of magical power
Wands
 q - a wand of polymorph (7)
 C - a wand of acid (33)
 R - a wand of iceblast (44)
Scrolls
 g - 17 scrolls of remove curse
 m - 9 scrolls of identify
 x - 2 scrolls of enchant armour
 y - a scroll of immolation
 K - 3 scrolls of fear
 M - 2 scrolls of magic mapping
 N - a scroll of vulnerability
 O - 4 scrolls of fog
 S - 7 scrolls of amnesia
 Y - 2 scrolls of summoning
Potions
 d - 4 potions of might
 e - 3 potions of magic
 i - 4 potions of curing
 j - 3 potions of invisibility
 k - 8 potions of brilliance
 l - 9 potions of degeneration
 n - a potion of haste
 o - 5 potions of attraction
 s - 4 potions of lignification
 t - 4 potions of flight
 w - 4 potions of heal wounds
 z - 3 potions of cancellation
 B - 4 potions of mutation
 J - 2 potions of resistance
 V - 2 potions of berserk rage
Books
 I - a manual of Ice Magic
 U - a manual of Ice Magic


   Skills:
 + Level 13.6 Fighting
 * Level 15.4 Long Blades
   Level 4.9 Axes
 + Level 13.5 Armour
 + Level 11.3 Dodging
 + Level 14.6 Shields
 - Level 0.1 Spellcasting
 - Level 0.2 Ice Magic
 + Level 13.8 Invocations


You had 17 spell levels left.
You didn't know any spells.
Your spell library contained the following spells:

 Spells                   Type           Power        Failure   Level
 Animate Skeleton         Necr           #.....       89%         1
 Apportation              Tloc           #.....       89%         1
 Magic Dart               Conj           #...         89%         1
 Pain                     Necr           #...         89%         1
 Ensorcelled Hibernation  Hex/Ice        #.....       95%         2
 Call Imp                 Summ           #.......     96%         2
 Slow                     Hex            #.......     96%         2
 Conjure Flame            Conj/Fire      #.......     99%         3
 Lesser Beckoning         Tloc           #.........   99%         3
 Mephitic Cloud           Conj/Pois/Air  #.......     99%         3
 Tukima's Dance           Hex            #.......     99%         3
 Vampiric Draining        Necr           #.........   99%         3
 Animate Dead             Necr           #.........   100%        4
 Agony                    Necr           #.......     100%        5
 Alistair's Intoxication  Tmut/Pois      #........    100%        5
 Bolt of Magma            Conj/Fire/Erth #.........   100%        5
 Borgnjor's Vile Clutch   Necr/Erth      #.........   100%        5
 Iskenderun's Battlesphe  Conj           #.......     100%        5
 Silence                  Hex/Air        #.........   100%        5
 Invisibility             Hex            #.......     100%        6
 Iron Shot                Conj/Erth      #.........   100%        6
 Shadow Creatures         Summ           N/A          100%        6
 Orb of Destruction       Conj           #.........   100%        7
 Spellforged Servitor     Conj/Summ      #.........   100%        7
 Blink                    Tloc           Unusable     N/A         2

Dungeon Overview and Level Annotations

Branches:
Dungeon (15/15)            Temple (0/1) D:6            Lair (6/6) D:9
 Shoals (1/4) Lair:4       Spider (3/4) Lair:4        Slime (0/5) Lair:6
    Orc (2/2) D:12            Elf (0/3) Orc:2        Vaults (0/5) D:14
 Depths (0/5) D:15          IceCv (visited)

Altars:
Ashenzari
Dithmenos
Elyvilon
Fedhas
Makhleb
Nemelex Xobeh
Qazlal
Ru
Sif Muna
Trog
Vehumet
Xom
Zin
The Shining One
Beogh
Jiyva

Shops:
D:7 (   D:11 [   Orc:1 =?   Orc:2 =!:?   Shoals:1 ?

Portals:
Trove: D:12 (give 5 scrolls of fear)

Annotations:
D:9 1 exclusion
D:14 exclusion: obsidian statue
Lair:3 2 transporters
Lair:4 1 runed translucent door, Grant146's ghost, journeyman MiBe
Spider:3 Bai Suzhen; Donald; Mara


Innate Abilities, Weirdness & Mutations

You cannot be hasted, slowed, berserked, paralysed or teleported.
You can dig through walls and to a lower floor.
Your four strong arms can wield two-handed weapons with a shield.
You have a pair of large antennae on your head. (SInv)
Your spells are a little easier to cast, but a little less powerful.


Message History

You hear an angry hiss.
Your unstable footing causes you to fumble your attack.
You hear an angry hiss.
You block Bai Suzhen's attack. Bai Suzhen claws you.
* * * LOW HITPOINT WARNING * * *
You feel more protected from physical attacks.
Bai Suzhen misses you.
Your unstable footing causes you to fumble your attack.
You hit Bai Suzhen.
Bai Suzhen is severely wounded.
You hear an angry hiss. x2
You block Bai Suzhen's attack. Bai Suzhen claws you!
* * * LOW HITPOINT WARNING * * *
You block Bai Suzhen's attack.
You hit Bai Suzhen.
Bai Suzhen is severely wounded.
You hear an angry hiss. x2
Bai Suzhen breathes water at you. The torrent of water hits you!!
You die...

**≈≈^.. *≈≈≈**#
**≈,,,, ***,^^
*,,* **,,# ###
*,*.. ##D#####
*,,., #@#{##{#
******
####{{{##
*,,,,, ##{{{###
*,,,,,
##s{#≈###,,*,,
#{s{....#,,,,,
#{{{..#.#{,,,,
#≈#{....#,,,,,
####..#^#,,,,,
*#≈≈....{######


You could see Bai Suzhen (clouds, catching breath).

Vanquished Creatures
  Arachne (Spider:2)
  An emperor scorpion (Spider:2)
  An orc warlord (Orc:2)
  An ironheart preserver (D:14)
  4 entropy weavers
  Azrael (D:15)
  An ettin (Orc:2)
  The ghost of Copingsaw the Protected, a journeyman DsAK of Lugonu (D:13)
  Harold (D:10)
  A rakshasa (D:14)
  5 boulder beetles
  8 hydras
  2 catoblepae (Lair:6)
  A dancing weapon (D:13)
  2 death knights
  7 two-headed ogres
  A tengu warrior (D:14)
  A queen ant (Spider:1)
  10 death yaks
  4 orc high priests (Orc:2)
  Sonja (Lair:2)
  15 slime creatures
  A skeletal warrior (D:13)
  2 sea snakes
  An unseen horror (D:12)
  A necromancer (IceCv)
  7 orc knights
  21 wolf spiders
  9 harpies
  A phantasmal warrior (D:14)
  5 orc sorcerers (Orc:2)
  A deep elf mage (D:13)
  2 fauns (Lair:4)
  7 orb spiders
  10 ugly things
  5 manticores
  5 cyclopes
  7 centaur zombies
  2 moths of wrath (Spider:2)
  A salamander (D:15)
  7 black mambas
  An ice statue (IceCv)
  22 elephants
  2 merfolk sirens (Shoals:1)
  19 cane toads
  A torpor snail (Spider:2)
  4 rime drakes
  An efreet (D:13)
  13 freezing wraiths
  5 demonic crawlers
  4 komodo dragons
  3 kobold demonologists
  A tengu conjurer (D:13)
  3 meliai (D:15)
  3 polar bears
  9 trolls
  2 wind drakes (Shoals:1)
  24 jumping spiders
  2 hornets
  A merfolk (Lair:4)
  8 dream sheep (Lair:6)
  11 blink frogs (Lair:5)
  A harpy skeleton (D:13)
  A meliai zombie (D:12)
  44 redbacks
  5 shadows
  A tarantella (shapeshifter) (D:15)
  2 water elementals
  10 tarantellas
  4 basilisks
  52 yaks
  4 wyverns
  6 wraiths
  A hog (D:3)
  4 fire elementals (D:15)
  7 vampire mosquitoes
  An insubstantial wisp (Lair:5)
  3 wargs (Orc:2)
  7 soldier ants
  2 acid dragons
  3 hell hounds (D:15)
  21 water moccasins
  Duvessa (D:7)
  12 ice beasts
  A swamp drake (D:12)
  2 necrophages
  46 orc warriors
  4 black bears
  4 sky beasts
  8 wolves
  3 phantoms
  8 centaurs
  19 ogres
  A lemure (D:3)
  12 big kobolds
  A gnoll sergeant (D:5)
  18 bullfrogs
  A wyvern zombie (D:14)
  Dowan (D:7)
  4 killer bees (D:9)
  7 scorpions
  7 wights
  5 electric eels
  A vampire bat (Lair:1)
  3 howler monkeys
  2 bullfrog zombies (D:13)
  3 quasits (D:6)
  7 draconian simulacra (IceCv)
  5 centaur skeletons
  16 hounds
  A jelly (D:12)
  A bullfrog skeleton (D:9)
  A gnoll shaman (D:6)
  36 orc priests
  6 iguanas
  15 orc wizards
  2 spriggan simulacra (IceCv)
  37 worker ants
  2 polar bear simulacra (IceCv)
  A statue (D:5)
  A troll simulacrum (IceCv)
  2 wolf simulacra (IceCv)
  10 centaur simulacra
  A hound zombie (D:8)
  2 hound skeletons
  13 gnolls
  18 adders
  3 naga simulacra (IceCv)
  2 ogre simulacra (IceCv)
  6 shadow imps
  24 white imps
  6 ufetubi
  An ooze (D:3)
  A worm (Lair:4)
  A dart slug (D:1)
  7 leopard geckos
  138 orcs
  11 bats
  6 giant cockroaches
  5 goblins
  9 hobgoblins
  4 jackals
  30 kobolds
  8 quokkas
  7 frilled lizards
  A jackal zombie (D:9)
  2 quokka skeletons
  6 rats
1112 creatures vanquished.

Vanquished Creatures (others)
  A big kobold (D:14)
  A white imp (D:14)
  4 bushes (D:14)
  67 fungi
  134 plants
207 creatures vanquished.

Grand Total: 1319 creatures vanquished

Notes
Turn   | Place    | Note
-------+----------+-------------------------------------------
     0 | D:1      | reriks the Formicid Fighter began the quest for the Orb.
     0 | D:1      | Reached XP level 1. HP: 18/18 MP: 1/1
    69 | D:1      | Reached XP level 2. HP: 24/24 MP: 2/2
   352 | D:1      | Reached XP level 3. HP: 29/29 MP: 3/3
  1050 | D:2      | Reached skill level 1 in Dodging
  1084 | D:2      | Reached XP level 4. HP: 34/37 MP: 4/4
  1500 | D:2      | Reached XP level 5. HP: 42/42 MP: 5/5
  2041 | D:2      | Found a sacrificial altar of Ru.
  2071 | D:2      | Became a worshipper of Ru the Awakened
  2470 | D:3      | Reached XP level 6. HP: 23/48 MP: 6/6
  2736 | D:3      | Found a stormy altar of Qazlal.
  2767 | D:3      | Fell from the grace of Ru
  2767 | D:3      | Became a worshipper of Qazlal Stormbringer
  2810 | D:3      | Found a glowing silver altar of Zin.
  3119 | D:4      | Got a jewelled leather armour
  3135 | D:4      | Identified the cursed +1 leather armour of Bigolid {rF-
                  | Str+4 Dex+3 SInv} (You found it on level 4 of the Dungeon)
  3225 | D:4      | Found a shadowy altar of Dithmenos.
  3272 | D:4      | Found a shimmering altar of Xom.
  3288 | D:4      | Noticed Pikel
  3594 | D:3      | Reached skill level 5 in Shields
  4020 | D:3      | Noticed Pikel
  4020 | D:3      | Pikel changed into Pikel the hog
  4025 | D:3      | Killed Pikel the hog
  4026 | D:3      | Reached XP level 7. HP: 24/55 MP: 7/7
  4531 | D:5      | Entered Level 5 of the Dungeon
  4691 | D:5      | Reached skill level 5 in Fighting
  4691 | D:5      | Reached skill level 1 in Invocations
  4842 | D:5      | Reached skill level 5 in Armour
  4890 | D:6      | Reached XP level 8. HP: 54/62 MP: 7/9
  5403 | D:5      | Found a broken altar of Ashenzari.
  5432 | D:5      | Found a glowing golden altar of the Shining One.
  5559 | D:5      | Found a sparkling altar of Nemelex Xobeh.
  5622 | D:5      | Found a radiant altar of Vehumet.
  5847 | D:5      | Reached * piety under Qazlal
  6047 | D:5      | Found a bloodstained altar of Trog.
  6050 | D:5      | Found a white marble altar of Elyvilon.
  6053 | D:5      | Found a blossoming altar of Fedhas.
  6346 | D:6      | Reached XP level 9. HP: 55/69 MP: 11/11
  6564 | D:6      | Found a staircase to the Ecumenical Temple.
  6680 | D:6      | Got a pitted falchion
  6681 | D:6      | Identified the +10 falchion of Zueseideh {antimagic, rPois
                  | rC++ Str-2 Stlth+} (You found it on level 6 of the Dungeon)
  6862 | D:6      | Reached skill level 1 in Long Blades
  7092 | D:6      | Got a brightly glowing ring mail
  7103 | D:6      | Identified the +5 ring mail of Dice, Bag, and Bottle {MP+9
                  | Dex+4} (You found it on level 6 of the Dungeon)
  7283 | D:6      | Reached skill level 2 in Long Blades
  8185 | D:7      | Found Pyank's Weapon Shop.
  8554 | D:7      | Noticed Duvessa
  8560 | D:7      | Noticed Dowan
  8562 | D:7      | Killed Duvessa
  8570 | D:7      | Killed Dowan
  8571 | D:7      | Reached skill level 3 in Long Blades
  8678 | D:7      | Reached ** piety under Qazlal
  8917 | D:7      | Found a burning altar of Makhleb.
  9074 | D:8      | Reached XP level 10. HP: 56/77 MP: 7/13
  9334 | D:8      | Reached skill level 5 in Invocations
  9342 | D:8      | Reached skill level 4 in Long Blades
  9578 | D:8      | Reached skill level 5 in Dodging
  9802 | D:8      | Reached *** piety under Qazlal
  9857 | D:8      | Reached skill level 5 in Long Blades
 10421 | D:9      | Reached **** piety under Qazlal
 10619 | D:9      | Noticed a two-headed ogre
 10643 | D:10     | Entered Level 10 of the Dungeon
 10929 | D:9      | Reached XP level 11. HP: 84/84 MP: 5/15
 10938 | D:9      | Reached skill level 6 in Long Blades
 11319 | D:9      | Noticed a two-headed ogre
 11329 | D:9      | Killed a two-headed ogre
 11336 | D:9      | Reached skill level 7 in Long Blades
 11766 | D:9      | Found a shimmering blue altar of Sif Muna.
 12198 | D:10     | Noticed a two-headed ogre
 12199 | D:10     | Noticed Harold
 12217 | D:11     | Noticed a cyclops
 12816 | D:10     | Killed Harold
 12827 | D:10     | Killed a two-headed ogre
 13378 | D:10     | Reached XP level 12. HP: 94/94 MP: 5/17
 13491 | D:10     | Reached skill level 8 in Long Blades
 14141 | D:9      | Found a staircase to the Lair.
 14412 | Lair:1   | Entered Level 1 of the Lair of Beasts
 14691 | D:7      | Bought a +2 dagger of flaming for 218 gold pieces
 15979 | Lair:2   | Noticed a five-headed hydra
 15986 | Lair:2   | Killed a five-headed hydra
 16057 | Lair:2   | Noticed Sonja
 16071 | Lair:2   | Reached skill level 10 in Shields
 16138 | Lair:2   | Reached skill level 9 in Long Blades
 16352 | Lair:2   | Killed Sonja
 17731 | Lair:2   | Reached XP level 13. HP: 101/101 MP: 6/19
 18477 | Lair:3   | Found a transporter.
 19052 | Lair:3   | Found a transporter.
 19648 | Lair:4   | Identified a scroll of acquirement
 19648 | Lair:4   | Acquired 1071 gold pieces
 19677 | Lair:4   | Reached skill level 10 in Long Blades
 20023 | Lair:4   | Found a runed translucent door.
 20023 | Lair:4   | Found a shimmering altar of Xom.
 20023 | Lair:4   | Noticed Grant146's ghost (journeyman MiBe)
 20023 | Lair:4   | Identified the +2 great sword "Hasomel" {chaos, MP+9}
 20028 | Lair:4   | Found a frozen archway.
 20041 | Lair:4   | Reached skill level 10 in Fighting
 20041 | Lair:4   | Reached skill level 10 in Armour
 20049 | IceCv    | Entered an ice cave
 20807 | IceCv    | Reached ***** piety under Qazlal
 21530 | IceCv    | Found an ancient bone altar of Kikubaaqudgha.
 22583 | Lair:4   | Reached skill level 10 in Invocations
 22592 | Lair:4   | Found a shimmering altar of Xom.
 22685 | Lair:4   | Found a hole to the Spider Nest.
 22808 | Lair:4   | Found a staircase to the Shoals.
 23075 | Lair:5   | Reached XP level 14. HP: 93/111 MP: 7/21
 23162 | Lair:4   | Reached skill level 11 in Long Blades
 25111 | Lair:6   | Entered Level 6 of the Lair of Beasts
 25616 | Lair:6   | Found a staircase to the Slime Pits.
 25617 | Lair:6   | Found a viscous altar of Jiyva.
 25965 | Lair:6   | Acquired a +2 vorpal triple sword
 26088 | Lair:6   | Reached skill level 12 in Long Blades
 26134 | Lair:6   | Reached XP level 15. HP: 104/119 MP: 7/23
 26783 | Lair:6   | Identified a +2 pair of boots of running (You found it on
                  | level 6 of the Lair of Beasts)
 28039 | D:11     | Found Ahiogon's Armour Boutique.
 28887 | D:11     | Found a glowing golden altar of the Shining One.
 29262 | D:12     | Reached ****** piety under Qazlal
 29996 | D:12     | Found a staircase to the Orcish Mines.
 30390 | D:12     | Found a portal to a secret trove of treasure.
 31125 | Orc:1    | Entered Level 1 of the Orcish Mines
 31214 | Orc:1    | Found Oceasm's Jewellery Boutique.
 31540 | Orc:1    | Found Ynong's Magic Scroll Boutique.
 31548 | Orc:1    | Bought a scroll of brand weapon for 220 gold pieces
 31548 | Orc:1    | Bought a scroll of identify for 22 gold pieces
 31548 | Orc:1    | Bought a scroll of identify for 22 gold pieces
 31548 | Orc:1    | Bought a scroll of identify for 22 gold pieces
 31564 | Orc:1    | You fall into a shaft and drop 1 floor!
 31564 | Orc:2    | Entered Level 2 of the Orcish Mines
 32789 | Orc:2    | Noticed an orc warlord
 32820 | Orc:2    | Killed an orc warlord
 32821 | Orc:2    | Reached skill level 13 in Long Blades
 34127 | Orc:2    | Found a roughly hewn altar of Beogh.
 34797 | Orc:1    | Reached XP level 16. HP: 108/127 MP: 8/24
 35150 | Orc:2    | Gained mutation: Your spells are a little easier to cast,
                  | but a little less powerful. [a neqoxec]
 35727 | Orc:2    | Found a roughly hewn altar of Beogh.
 35781 | Orc:2    | Found Kuerghiz's Distillery.
 36104 | Orc:2    | Found Qyicuodgh's Jewellery Shoppe.
 36281 | Orc:2    | Found Jitalul's Magic Scroll Shop.
 36346 | Orc:2    | Found Pyloc's Book Emporium.
 36437 | Orc:2    | Found a staircase to the Elven Halls.
 36811 | Orc:2    | Bought a scroll of enchant weapon for 90 gold pieces
 36811 | Orc:2    | Bought 2 scrolls of identify for 48 gold pieces
 36961 | D:13     | Reached skill level 10 in Dodging
 37172 | D:13     | Found a runed translucent door.
 37172 | D:13     | Found a shimmering altar of Xom.
 37172 | D:13     | Noticed Copingsaw's ghost (journeyman DsAK)
 37208 | D:13     | Killed Copingsaw's ghost
 39387 | D:14     | Reached skill level 14 in Long Blades
 39649 | D:14     | Found a gate to the Vaults.
 40046 | D:14     | You fall into a shaft and drop 1 floor!
 40046 | D:15     | Entered Level 15 of the Dungeon
 40230 | D:15     | Reached XP level 17. HP: 135/135 MP: 8/26
 41123 | D:15     | Found a shimmering altar of Xom.
 41143 | D:15     | Noticed Azrael
 41154 | D:15     | Killed Azrael
 41437 | D:15     | Found a staircase to the Depths.
 42035 | Shoals:1 | Entered Level 1 of the Shoals
 42035 | Shoals:1 | Found Bauskemo's Magic Scroll Boutique.
 43048 | Spider:1 | Entered Level 1 of the Spider Nest
 46547 | Spider:1 | Reached skill level 15 in Long Blades
 47609 | Spider:2 | Noticed Arachne
 47630 | Spider:2 | Reached XP level 18. HP: 102/143 MP: 0/28
 47902 | Spider:2 | Got a transparent granite ring
 47964 | Spider:2 | Identified the ring "Perusch" {MR+ MP+9} (You found it on
                  | level 2 of the Spider Nest)
 48550 | Spider:2 | Killed Arachne
 49414 | Spider:3 | Noticed Donald
 49640 | Spider:3 | Noticed Mara
 49650 | Spider:3 | Noticed reriks's illusion
 49671 | Spider:3 | Noticed Bai Suzhen
 49777 | Spider:3 | Killed from afar by Bai Suzhen

Illustrated notes

Levels and vault maps discovered:
D:1:      dpeg_arrival_rooms_c, layout_loops_ring, minmay_pentomino_r2
D:2:      layout_loops_ring, nicolae_overflow_hidden_temple
D:3:      layout_basic, nicolae_qazlal_eye_of_the_storm, zin_treasury
D:4:      layout_cave_pools, nicolae_dithmenos_the_darkroom,
          kennysheep_little_box, uniq_pikel
D:5:      layout_rooms, vehumet_statue, kennysheep_mini_moat, tso_oasis_becter,
          grunt_temple_overflow_diamond, chequers_serial_rivers_room_a,
          cheibrodos_ashenzari_chains
D:6:      cheibrodos_quashed, layout_layer_cave, minmay_temple_entry_tees
D:7:      layout_basic, makhleb_blood_cavern_becter, serial_shops, shop,
          uniq_duvessa
D:8:      minmay_skewed_foursquare, layout_loops_cross, special_room
          [special_room_orc]
D:9:      layout_roguey, lemuel_blue_sif_altar, erik_lair_island,
          nicolae_benzene_ring
D:10:     layout_basic, uniq_harold
D:11:     layout_basic, serial_shops, shop, basic_altar
D:12:     layout_loops_ring, erik_orc_1, nicolae_trove_entry_columns
D:13:     layout_loops_ring, ebering_ghost_xom
D:14:     kennysheep_kobold_grotto, layout_rooms,
          skrybe_vaults_entry_preservation, grunt_decor_fettered, serial_ice,
          serial_ice_n, serial_ice_j, serial_ice_c, serial_ice_g
D:15:     hangedman_depths_entry_try_elsewhere_first, layout_rooms,
          chequers_avenue, basic_altar, uniq_azrael
Lair:1:   minmay_lair_venomous_thicket, layout_small_grid, roderic_batcave
Lair:2:   layout_gridlike, uniq_sonja
Lair:3:   gammafunk_cloud_chamber, layout_chaotic_city
Lair:4:   layout_regular_city, elwin_shoals_entry_rooms,
          nicolae_spider_entry_non_spiders, portal_ice_cave_rime, basic_altar,
          ebering_ghost_xom, lemuel_fruit_fields, infiniplex_staircase_pool_2
Lair:5:   layout_cave_pods, pond
Lair:6:   hangedman_lair_in_review, layout_small_grid, slime_altar_1
Shoals:1: layout_shoals, serial_shops, nicolae_shop_trees,
          nicolae_shop_temple_entry_statues_fountains
Spider:1: layout_spider_delve, minmay_another_anthill
Spider:2: layout_spider_delve, uniq_arachne
Spider:3: layout_spider_delve, ebering_ghost_rock_garden, uniq_donald,
          uniq_mara, uniq_bai_suzhen
Orc:1:    layout_caves, serial_shops, nicolae_shop_stone, shop
Orc:2:    pubby_orc_utopia

Skill      XL: |  1  2  3  4  5  6  7  8  9 10 11 12 13 14 15 16 17 |
---------------+----------------------------------------------------+-----
Shields        | 4 5 6 7 8 9 10 11 12 13 14 | 14.6
Dodging        | 1 2 3 4 5 6 7 8 9 10 11 | 11.3
Fighting       | 4 5 6 7 8 9 10 11 12 13 | 13.6
Armour         | 4 5 6 7 8 9 10 11 12 13 | 13.5
Axes           | 3 4 |  4.9
Invocations    | 1 3 4 6 7 8 10 11 12 13 | 13.8
Long Blades    | 3 5 7 9 10 12 13 14 15 | 15.4
Spellcasting   | |  0.1
Ice Magic      | |  0.2

Action                   |  1- 3 |  4- 6 |  7- 9 | 10-12 | 13-15 | 16-18 || total
-------------------------+-------+-------+-------+-------+-------+-------++-------
Melee: War axe           |   105 |   179 |   294 |       |       |       ||   578
       Falchion          |       |       |   123 |   694 |  1629 |  1687 ||  4133
       Dagger            |       |       |       |     4 |     7 |       ||    11
       Triple sword      |       |       |       |       |       |   147 ||   147
Throw: Boomerang         |       |    19 |   186 |    37 |   154 |    39 ||   435
Invok: Upheaval          |       |       |       |     2 |     7 |     4 ||    13
       Elemental Force   |       |       |       |     1 |       |       ||     1
       Disaster Area     |       |       |       |       |     3 |     6 ||     9
 Abil: Dig               |       |       |     1 |     2 |    13 |    11 ||    27
Evoke: Wand              |       |     3 |       |       |     2 |       ||     5
  Use: Scroll            |       |     4 |    12 |       |    16 |    11 ||    43
       Potion            |       |       |       |     1 |     2 |     7 ||    10
 Stab: Distracted        |       |       |       |     1 |       |       ||     1
       Petrified         |       |       |       |       |     3 |       ||     3
Armor: Scale mail        |    40 |    69 |     2 |       |       |       ||   111
       Plate armour      |       |       |   249 |   113 |   334 |   568 ||  1264
       Ring mail         |       |       |    28 |    56 |       |       ||    84
       Skin              |       |       |       |       |       |     8 ||     8
Dodge: Dodged            |    32 |    67 |   166 |   200 |   277 |   462 ||  1204
       Repelled          |       |       |       |     3 |     5 |     3 ||    11
Block: Kite shield       |    58 |    89 |   319 |   511 |  1154 |  1681 ||  3812
       Rpst.: Falchion   |       |       |    12 |    58 |    62 |    82 ||   214
       Triple sword      |       |       |       |       |       |    15 ||    15

Table legend: (Time is in decaauts)
 A = Elapsed time spent in this place.
 B = Non-inter-level travel time spent in this place.
 C = Inter-level travel time spent in this place.
 D = Time resting spent in this place.
 E = Time spent auto-exploring this place.
 F = Levels seen in this place.
 G = Mean time per level.
                   A        B        C        D        E       F      G
               +--------+--------+--------+--------+--------+-----+--------+
         Total |  48457 |  46716 |   1741 |  23846 |  14458 |  28 | 1730.6 |
       Dungeon |  22603 |  21796 |    807 |   8734 |   8528 |  15 | 1506.9 |
          Lair |  12130 |  11571 |    559 |   6016 |   3861 |   6 | 2021.7 |
        Shoals |     50 |     50 |      0 |      0 |      0 |   1 |   50.0 |
   Spider Nest |   6312 |   6143 |    169 |   4459 |    861 |   3 | 2104.0 |
  Orcish Mines |   5380 |   5176 |    204 |   3190 |   1036 |   2 | 2690.0 |
      Ice Cave |   1979 |   1979 |      0 |   1445 |    170 |   1 | 1979.0 |
               +--------+--------+--------+--------+--------+-----+--------+

Top non-repeatable levels by time:
Spider:1: 4554 daAuts
   Orc:2: 4390 daAuts
     D:9: 2726 daAuts
  Lair:6: 2503 daAuts
  Lair:4: 2420 daAuts
    D:13: 2121 daAuts
  Lair:2: 2078 daAuts
     D:6: 1981 daAuts
   IceCv: 1979 daAuts
    D:12: 1917 daAuts
  Lair:5: 1912 daAuts
  Lair:3: 1802 daAuts
    D:10: 1790 daAuts
     D:3: 1747 daAuts
Spider:2: 1653 daAuts
